 Dungeon Crawl Stone Soup version 0.23.2-30-g0e89c35649 (webtiles) character file.

Game seed: 837292987352629569

1220 dungeonsoup the Slasher (level 8, -2/63 HPs)
             Began as a Demonspawn Abyssal Knight on June 11, 2019.
             Was a Priest of Lugonu.
             Slain by a worker ant (6 damage)
             ... on level 5 of the Dungeon.
             The game lasted 00:15:26 (5061 turns).

dungeonsoup the Slasher (Demonspawn Abyssal Knight) Turns: 5061, Time: 00:15:26

Health: -2/63      AC: 10    Str: 16    XL:     8   Next: 23%
Magic:  10/10      EV: 11    Int: 13    God:    Lugonu [***...]
Gold:   207        SH:  0    Dex: 17    Spells: 7/7 levels left

rFire    . . .     SeeInvis .   a - +3 falchion
rCold    . . .     Gourm    .   (no shield)
rNeg     . . .     Faith    .   v - +0 scale mail
rPois    .         Spirit   .   (helmet restricted)
rElec    .         Reflect  .   (no cloak)
rCorr    +         Harm     .   i - +0 pair of gloves
MR       .....                  d - +0 pair of boots
Stlth    +.........             (no amulet)
HPRegen  0.20/turn              h - ring of resist corrosion
MPRegen  0.12/turn              p - +5 ring of dexterity

@: fainting
A: horns 1, rugged brown scales 1, powered by pain 1
a: Depart the Abyss, Bend Space, Banish, Renounce Religion


You were on level 5 of the Dungeon.
You worshipped Lugonu.
Lugonu was most pleased with you.
You were fainting.

You visited 1 branch of the dungeon, and saw 5 of its levels.
You visited the Abyss 1 time.
You also visited: Sewer.

You collected 207 gold pieces.

Inventory:

Hand Weapons
 a - a +3 falchion (weapon)
Armour
 b - a +0 leather armour
 d - a +0 pair of boots (worn)
 i - a +0 pair of gloves (worn)
 v - a +0 scale mail (worn)
Jewellery
 e - an uncursed ring of ice
 h - a ring of resist corrosion (left hand)
 n - an uncursed ring of ice
 p - a +5 ring of dexterity (right hand)
Wands
 m - a wand of digging (5)
Scrolls
 f - 7 scrolls of remove curse
 g - 2 scrolls of amnesia
 s - a scroll of fog {unknown}
Potions
 j - a potion of lignification {unknown}
 k - 2 potions of might {unknown}
 o - 2 potions of agility {unknown}
 q - 4 potions of heal wounds {unknown}
 r - a potion of brilliance {unknown}
 t - a potion of flight {unknown}
 u - a potion of degeneration {unknown}


   Skills:
 + Level 5.0 Fighting
 + Level 5.9 Long Blades
 + Level 4.5 Armour
 + Level 3.6 Dodging
 + Level 1.2 Stealth
 + Level 2.7 Invocations


You had 7 spell levels left.
You didn't know any spells.
Your spell library was empty.

Dungeon Overview and Level Annotations

Branches:
Dungeon (5/15)             Temple (0/1) D:4

Altars:
Fedhas
Nemelex Xobeh
Okawaru
Ru
Xom
The Shining One

Annotations:
D:3 3 runed translucent doors, dungeonsoup's ghost, amateur HOMo


Innate Abilities, Weirdness & Mutations

You have a pair of small horns on your head.
You are partially covered in rugged brown scales. (AC +1, +3% HP)
You sometimes gain a little power by taking damage.


Message History

The gnoll closely misses you.
You closely miss the gnoll. Your headbutt misses the gnoll.
The gnoll is lightly wounded.
The gnoll hits you but does no damage. The gnoll hits you with a +0 flail!
* * * LOW HITPOINT WARNING * * *
You closely miss the gnoll.
You headbutt the gnoll, but do no damage.
The gnoll is lightly wounded.
The gnoll hits you from afar with a +0 spear.
* * * LOW HITPOINT WARNING * * *
The gnoll barely misses you.
There is a stone staircase leading up here.
As you read the scroll of teleportation, it crumbles to dust.
You feel strangely unstable. The gnoll barely misses you.
The gnoll closely misses you. The gnoll hits you but does no damage.
Your surroundings suddenly seem different.
A worker ant comes into view.
The worker ant twitches its antennae in your direction.
The worker ant bites you.
You die...

######
#....#
#.a..#
#.@..#
#.....o#
#....#.#
#....# #
#.....
#..(...
#.......
#........


You could see a worker ant and an orc.

Vanquished Creatures
  Menkaure (D:4)
  2 ogres (D:4)
  2 phantoms (D:4)
  2 big kobolds (Sewer)
  Blork the orc (D:4)
  A scorpion (D:4)
  A jelly (D:2)
  A hound (D:4)
  An orc priest (D:3)
  An orc wizard (D:3)
  3 worker ants
  Natasha (thrice) (D:3)
  Robin (D:4)
  6 gnolls (D:5)
  7 adders
  2 oozes (Sewer)
  2 worms
  A dart slug (D:4)
  3 leopard geckos
  8 orcs
  6 giant cockroaches
  11 goblins
  3 hobgoblins
  4 jackals (D:4)
  24 kobolds
  3 quokkas (D:4)
  3 ball pythons
  6 bats
  5 frilled lizards
  11 rats
  A fungus (Sewer)
126 creatures vanquished.

Notes
Turn   | Place    | Note
-------+----------+-------------------------------------------
     0 | Abyss:1  | dungeonsoup the Demonspawn Abyssal Knight began the quest
                  | for the Orb.
     0 | Abyss:1  | Reached XP level 1. HP: 18/18 MP: 2/2
    33 | Abyss:2  | Noticed a large abomination
    39 | Abyss:2  | Noticed a large abomination
    40 | D:1      | Escaped the Abyss
   498 | D:1      | Gained mutation: You sometimes gain a little power by
                  | taking damage. [demonic ancestry]
   498 | D:1      | Reached XP level 2. HP: 11/24 MP: 3/3
   672 | D:1      | Reached * piety under Lugonu
  1243 | D:2      | Gained mutation: You are partially covered in rugged brown
                  | scales. (AC +1, +3% HP) [demonic ancestry]
  1243 | D:2      | Reached XP level 3. HP: 24/30 MP: 5/5
  1330 | D:2      | Reached skill level 1 in Dodging
  1486 | D:2      | Gained mutation: You have a pair of small horns on your
                  | head. [demonic ancestry]
  1486 | D:2      | Reached XP level 4. HP: 30/38 MP: 6/6
  1503 | D:2      | Found a sacrificial altar of Ru.
  1860 | D:3      | Found a sparkling altar of Nemelex Xobeh.
  2067 | D:3      | Reached XP level 5. HP: 14/43 MP: 7/7
  2351 | D:3      | Noticed Natasha
  2361 | D:3      | Killed Natasha
  2421 | D:3      | Noticed Natasha
  2424 | D:3      | Found a runed translucent gate.
  2424 | D:3      | Found a runed translucent gate.
  2424 | D:3      | Found a runed translucent gate.
  2430 | D:3      | Killed Natasha
  2435 | D:3      | Noticed dungeonsoup's ghost (amateur HOMo)
  2691 | D:3      | Found a blossoming altar of Fedhas.
  2870 | D:3      | Noticed Natasha
  2877 | D:3      | Killed Natasha
  2877 | D:3      | Reached XP level 6. HP: 42/49 MP: 8/8
  2964 | D:4      | Found a shimmering altar of Xom.
  2991 | D:4      | Reached ** piety under Lugonu
  3324 | D:4      | Found a glowing drain.
  3348 | Sewer    | Entered a sewer
  3395 | Sewer    | Reached skill level 1 in Stealth
  3395 | Sewer    | Reached XP level 7. HP: 46/55 MP: 9/9
  3806 | D:4      | Found a staircase to the Ecumenical Temple.
  3854 | D:4      | Found an iron altar of Okawaru.
  3899 | D:4      | Reached skill level 5 in Long Blades
  4290 | D:4      | Noticed Menkaure
  4298 | D:4      | Killed Menkaure
  4331 | D:4      | Noticed Robin
  4335 | D:4      | Reached *** piety under Lugonu
  4342 | D:4      | Killed Robin
  4437 | D:4      | Reached XP level 8. HP: 43/62 MP: 10/10
  4447 | D:4      | Noticed Blork the orc
  4455 | D:4      | Killed Blork the orc
  4455 | D:4      | Reached skill level 5 in Fighting
  4851 | D:4      | Found a glowing golden altar of the Shining One.
  4996 | D:5      | Entered Level 5 of the Dungeon
  5001 | D:5      | Paralysed by fainting for 6 turns
  5054 | D:5      | HP: 3/63 [gnoll/+0 flail (10)]
  5061 | D:5      | Slain by a worker ant

Skill      XL: |  1  2  3  4  5  6  7  8 |
---------------+-------------------------+-----
Armour         | 2 3 4 |  4.5
Long Blades    | 2 3 4 5 |  5.9
Dodging        | 1 2 3 |  3.6
Fighting       | 4 5 |  5.0
Stealth        | 1 |  1.2
Invocations    | |  2.7

Action                   |  1- 3 |  4- 6 |  7- 9 || total
-------------------------+-------+-------+-------++-------
Melee: Falchion          |    85 |   138 |   200 ||   423
       Headbutt          |       |    31 |    63 ||    94
Invok: Depart the Abyss  |     1 |       |       ||     1
  Use: Scroll            |     4 |       |     4 ||     8
       Potion            |     1 |       |     4 ||     5
 Stab: Sleeping          |     1 |       |     1 ||     2
  Eat: Ration            |     1 |     2 |       ||     3
       Chunk             |       |       |     1 ||     1
Armor: Ring mail         |    38 |    60 |    63 ||   161
       Leather armour    |     6 |       |       ||     6
       Scale mail        |       |       |    46 ||    46
Dodge: Dodged            |    58 |    90 |   173 ||   321
       Rpst.: Falchion   |    21 |    29 |    43 ||    93
